 Dungeon Crawl Stone Soup version 0.27-a0-1308-gc08437e49b (webtiles) character file.

Game seed: 17073997350731326922

1505 Demosthentine the Spear-Bearer (level 8, -7/64 HPs)
             Began as a Merfolk Gladiator on June 18, 2021.
             Mangled by a gargoyle (18 damage)
             ... on level 6 of the Dungeon.
             The game lasted 00:04:41 (5540 turns).

Demosthentine the Spear-Bearer (Merfolk Gladiator)  Turns: 5540, Time: 00:04:41

Health: -7/64      AC:  6    Str: 16    XL:     8   Next: 82%
Magic:  8/8        EV: 17    Int:  7    God:
Gold:   207        SH:  0    Dex: 22    Spells: 7/7 levels left

rFire    + . .     SeeInvis .   a - +0 trident
rCold    . . .     Faith    .   (no shield)
rNeg     . . .     Spirit   .   r - +0 leather armour {rF+}
rPois    .         Reflect  .   c - +1 helmet
rElec    .         Harm     .   e - +0 cloak
rCorr    +         Rampage  .   (no gloves)
Will     .....                  (no boots)
Stlth    ++........             (no amulet)
HPRegen  0.20/turn              k - ring of resist corrosion
MPRegen  0.11/turn              m - +6 ring of dexterity

@: very slightly contaminated, invisible
A: (nimble swimmer 2), mertail
a: no special abilities


You were on level 6 of the Dungeon.
You visited 1 branch of the dungeon, and saw 6 of its levels.

You collected 207 gold pieces.

Inventory:

Hand Weapons
 a - a +0 trident (weapon)
Missiles
 d - a throwing net (quivered)
Armour
 c - a +1 helmet (worn)
 e - a +0 cloak (worn)
 n - a +0 buckler
 r - a +0 leather armour of fire resistance (worn)
Jewellery
 b - a ring of fire
 k - a ring of resist corrosion (left hand)
 m - a +6 ring of dexterity (right hand)
Scrolls
 f - a scroll of immolation
 o - 2 scrolls of identify
 p - a scroll of enchant armour
 q - a scroll of teleportation
Potions
 h - a potion of heal wounds
 i - 2 potions of brilliance
 j - a potion of magic
 l - a potion of curing


   Skills:
 + Level 6.0 Fighting
 + Level 8.6 Polearms
 - Level 2.0 Throwing
 + Level 3.7 Armour
 + Level 7.8 Dodging
 + Level 2.4 Shields


You had 7 spell levels left.
You didn't know any spells.
Your spell library contained the following spells:

 Spells                   Type           Power      Damage    Failure   Level
 Cause Fear               Hex            0%         N/A       99%         4
 Silence                  Hex/Air        0%         N/A       100%        5
 Yara's Violent Unravell  Hex/Tmut       0%         3d3       100%        5
 Discord                  Hex            0%         N/A       100%        8


Dungeon Overview and Level Annotations

Branches:
Dungeon (6/15)
 Temple: D:4-7

Altars:
Gozag
Makhleb


Innate Abilities, Weirdness & Mutations

((You are quick and stealthy near water. (Stealth+, EV+, Speed+++)))
Your lower body shifts to a powerful aquatic tail in water.


Message History

The gargoyle is heavily damaged.
The gargoyle hurls a stone arrow at you.
The stone arrow misses you.
You barely miss the gargoyle.
The gargoyle is heavily damaged.
The orc wizard barely misses you. The gargoyle barely misses you.
You catch the helpless gargoyle completely off-guard!
You hit the gargoyle but do no damage.
The gargoyle is heavily damaged.
The orc wizard hits you but does no damage.
The gargoyle barely misses you.
You strike the helpless gargoyle from behind!
You hit the gargoyle but do no damage.
The gargoyle is heavily damaged.
The orc wizard gestures at something while chanting.
You catch the helpless gargoyle completely off-guard!
You hit the gargoyle but do no damage.
The gargoyle is heavily damaged.
The gargoyle hurls a stone arrow at you.
The stone arrow misses you.
The stone arrow hits the orc wizard!
The orc wizard dies!
Your Fighting skill increases to level 6!
Your leather armour prevents you from hitting the gargoyle.
The gargoyle is heavily damaged.
The gargoyle barely misses you.
You catch the helpless gargoyle completely off-guard!
You hit the gargoyle.
The gargoyle is heavily damaged.
The gargoyle misses you.
You hit the gargoyle but do no damage.
The gargoyle is heavily damaged.
The gargoyle barely misses you.
You hit the gargoyle but do no damage.
The gargoyle is heavily damaged.
The gargoyle hits you with a +0 mace!
* * * LOW HITPOINT WARNING * * *
You hit the gargoyle.
The gargoyle is severely damaged.
The gargoyle hits you with a +0 mace!!
You die...

#..# .#. #..# ....
#..# #...### #..#
#..... #..# #..##.
#.)###########.. #.
#..)............##.
##.####..........[.
#@# #.#######....
#9####.##########.
#...........#####.
######.####.......
#.##########.
#............
#############


You could see a gargoyle.

Vanquished Creatures
  The ghost of Orlauf the Chucker, an amateur OgHu (D:4)
  The ghost of Orlauf the Chucker, an amateur OgHu (D:3)
  2 ice beasts
  2 ogres
  A necrophage (D:4)
  2 bullfrogs
  A howler monkey (D:6)
  3 quasits (D:4)
  5 hounds
  An orc priest (D:6)
  2 bullfrog skeletons (D:5)
  A gnoll shaman (D:5)
  5 orc wizards
  3 iguanas
  5 gnolls
  6 adders
  A shadow imp (D:5)
  An adder skeleton (D:4)
  A worm (D:2)
  2 dart slugs
  7 orcs
  2 endoplasms
  A giant cockroach (D:2)
  5 goblins
  5 hobgoblins
  3 quokkas
  6 ball pythons
  2 bats
  2 frilled lizards
  3 kobolds
  2 rats
84 creatures vanquished.

Vanquished Creatures (others)
  An orc wizard (D:6)
1 creature vanquished.

Grand Total: 85 creatures vanquished

Notes
Turn   | Place    | Note
-------+----------+-------------------------------------------
     0 | D:1      | Demosthentine the Merfolk Gladiator began the quest for the
                  | Orb.
     0 | D:1      | Reached XP level 1. HP: 16/16 MP: 1/1
   298 | D:1      | Reached XP level 2. HP: 20/23 MP: 2/2
   512 | D:1      | Found a faded altar of an unknown god.
   815 | D:2      | Found a burning altar of Makhleb.
  1314 | D:2      | Reached XP level 3. HP: 11/28 MP: 3/3
  2073 | D:3      | Reached skill level 5 in Polearms
  2080 | D:3      | Found a runed translucent door.
  2080 | D:3      | Noticed Orlauf's ghost (amateur OgHu)
  2128 | D:3      | Reached skill level 1 in Armour
  2160 | D:3      | Noticed a bullfrog
  2167 | D:3      | Killed a bullfrog
  2168 | D:3      | Reached XP level 4. HP: 22/35 MP: 4/4
  2392 | D:3      | Reached skill level 5 in Dodging
  2392 | D:3      | Reached XP level 5. HP: 34/41 MP: 5/5
  3082 | D:3      | Reached skill level 6 in Polearms
  3091 | D:3      | Killed Orlauf's ghost
  3092 | D:3      | Reached XP level 6. HP: 48/48 MP: 6/6
  3127 | D:3      | Identified the +6 spear "Sasin" {pain, rF+}
  3187 | D:4      | Noticed a necrophage
  3202 | D:4      | Killed a necrophage
  3206 | D:4      | Found a transporter.
  3320 | D:4      | Found an opulent altar of Gozag.
  3363 | D:4      | Noticed Orlauf's ghost (amateur OgHu)
  3373 | D:4      | Found a transporter.
  3525 | D:4      | Reached XP level 7. HP: 25/54 MP: 7/7
  3546 | D:4      | Reached skill level 7 in Polearms
  4111 | D:4      | Killed Orlauf's ghost
  4112 | D:4      | Reached skill level 5 in Fighting
  4148 | D:5      | Entered Level 5 of the Dungeon
  4346 | D:5      | Reached XP level 8. HP: 42/62 MP: 8/8
  4477 | D:5      | Reached skill level 1 in Shields
  4606 | D:5      | Reached skill level 8 in Polearms
  5497 | D:6      | Noticed a gargoyle
  5540 | D:6      | Mangled by a gargoyle

Illustrated notes

Levels and vault maps discovered:
D:1:      eino_arrival_tree_alley, layout_basic,
          chequers_ecumenical_altar_island
D:2:      layout_basic, basic_altar, st_stairs_12, amethyst_killhole
D:3:      layout_loops_corners, ebering_ghost_inner_flame
D:4:      layout_rooms, grunt_gozag_breadcrumbs, gammafunk_ghost_stat_death,
          serial_park_tiny_2
D:5:      layout_cave_pools
D:6:      layout_loops_ring, minitemple, uniq_crazy_yiuf_cottage

Skill      XL: |  1  2  3  4  5  6  7  8 |
---------------+-------------------------+-----
Polearms       | 5 6 7 8 |  8.6
Armour         | 1 2 3 |  3.7
Fighting       | 3 4 5 6 |  6.0
Dodging        | 5 6 7 |  7.8
Shields        | 2 |  2.4
Throwing       | |  2.0

Action                   |  1- 3 |  4- 6 |  7- 9 || total
-------------------------+-------+-------+-------++-------
Melee: Trident           |    68 |   119 |   244 ||   431
Throw: Throwing net      |     1 |     1 |       ||     2
  Use: Scroll            |     4 |     2 |     5 ||    11
       Potion            |       |     2 |     4 ||     6
 Stab: Sleeping          |     5 |     2 |     1 ||     8
       Invisible         |       |       |     7 ||     7
Armor: Leather armour    |     6 |    17 |    57 ||    80
       Skin              |       |    33 |    93 ||   126
Dodge: Dodged            |    33 |    55 |   172 ||   260

Table legend: (Time is in decaauts)
 A = Elapsed time spent in this place.
 B = Non-inter-level travel time spent in this place.
 C = Inter-level travel time spent in this place.
 D = Time resting spent in this place.
 E = Time spent auto-exploring this place.
 F = Levels seen in this place.
 G = Mean time per level.
                   A        B        C        D        E       F      G
               +--------+--------+--------+--------+--------+-----+--------+
         Total |   5517 |   5428 |     89 |    357 |   4213 |   6 |  919.5 |
       Dungeon |   5517 |   5428 |     89 |    357 |   4213 |   6 |  919.5 |
               +--------+--------+--------+--------+--------+-----+--------+

Top non-repeatable levels by time:
     D:2: 1209 daAuts
     D:4: 1155 daAuts
     D:3: 1135 daAuts
     D:5: 930 daAuts
     D:1: 809 daAuts
     D:6: 277 daAuts
